 Dungeon Crawl Stone Soup version 0.27-a0-984-g00e00afbbc (console) character file.

Game seed: 5321370678300964002

5062 Banquo the Cleaver (level 10, -2/62 HPs)
             Began as a Djinni Gladiator on Apr 15, 2021.
             Was an Elder of Hepliaklqana.
             Slain by a killer bee (3 damage)
             ... on level 8 of the Dungeon.
             The game lasted 00:34:30 (9943 turns).

Banquo the Cleaver (Djinni Gladiator)               Turns: 9943, Time: 00:34:31

Health: -2/62      AC: 10    Str: 13    XL:     10   Next: 56%
Gold:   470        EV: 11    Int: 13    God:    Hepliaklqana [****..] SH: 11 Dex: 15

rFire    + + .     SeeInvis .   a - +0 war axe
rCold    x . .     Faith    .   i - +2 kite shield
rNeg     . . .     Spirit   .   d - +3 leather armour
rPois    ∞         Reflect  .   h - +0 helmet
rElec    .         Harm     .   e - +1 cloak {rPois}
rCorr    +         Rampage  .   (no gloves)
Will     ++...                  (boots unavailable)
Stlth    +.........             T - amulet of the acrobat
HPRegen  0.20/turn              H - ring of willpower
MPRegen  0.00/turn              b - ring of resist corrosion

@: flying
A: reduced essence, fire resistance 2, cold vulnerability 1, float, innate
caster, hp casting, extra vitality 1
a: Renounce Religion, Recall Ancestor, Ancestor Identity, Transference, Idealise


You were on level 8 of the Dungeon.
You worshipped Hepliaklqana.
Hepliaklqana was greatly pleased with you.
You visited 1 branch of the dungeon, and saw 9 of its levels.

You collected 470 gold pieces.

Inventory:

Hand Weapons
 a - a +0 war axe (weapon)
 y - a +0 trident
 z - a +0 hand axe of freezing
 S - a +0 whip of freezing
 Y - a +3 flail
Missiles
 g - 322 stones
 D - 13 curare-tipped darts
 E - 3 silver boomerangs
 M - 6 atropa-tipped darts
 U - 9 poisoned darts
 V - 2 throwing nets (quivered)
 X - 5 boomerangs
Armour
 d - a +3 leather armour (worn)
 e - a +1 cloak of poison resistance (worn)
 h - a +0 helmet (worn)
 i - a +2 kite shield (worn)
 u - a +2 chain mail of poison resistance
 I - a +1 robe of resistance
 Q - a +0 tower shield
 W - a +0 plate armour
Jewellery
 b - a ring of resist corrosion (right hand)
 H - a ring of willpower (left hand)
 T - an amulet of the acrobat (around neck)
Wands
 k - a wand of charming (7)
 x - a wand of flame (79)
 G - a wand of digging (10)
 J - a wand of acid (5)
 R - a wand of iceblast (9)
Scrolls
 l - a scroll of fog {unknown}
 n - 4 scrolls of identify {unknown}
 q - 3 scrolls of enchant weapon {unknown}
 r - 3 scrolls of amnesia {unknown}
 s - 2 scrolls of immolation {unknown}
 t - a scroll of silence {unknown}
 A - 2 scrolls of enchant armour {unknown}
 B - 4 scrolls of teleportation {unknown}
 C - 2 scrolls of holy word {unknown}
 F - 3 scrolls of fear {unknown}
 L - a scroll of vulnerability {unknown}
 N - a scroll of magic mapping {unknown}
Potions
 c - 3 potions of heal wounds {unknown}
 f - 5 potions of curing {unknown}
 j - a potion of might {unknown}
 m - a potion of invisibility {unknown}
 o - 3 potions of flight {unknown}
 p - a potion of magic {unknown}
 v - 5 potions of mutation {unknown}
 w - 2 potions of degeneration {unknown}
 K - 2 potions of ambrosia {unknown}


   Skills:
 * Level 4.9 Fighting
 * Level 9.4 Axes
 - Level 1.5 Throwing
 * Level 4.9 Armour
 * Level 4.8 Dodging
 * Level 5.1 Shields
 * Level 3.9 Spellcasting
 * Level 2.6 Invocations


You had 7 spell levels left.
You knew the following spells:

 Your Spells              Type           Power      Damage    Failure   Level
a - Freeze                Ice            48%        1d7       19%         1
b - Conjure Flame         Conj/Fire      12%        6-21      50%         3
h - Call Canine Familiar  Summ           12%        N/A       50%         3
p - Poisonous Vapours     Pois/Air       24%        N/A       28%         2
Your spell library was empty.

Dungeon Overview and Level Annotations

Branches:
Dungeon (9/15)             Temple (0/1) D:7
   Lair: D:8-11         Orc: D:9-12

Altars:
Cheibriados
Dithmenos
Elyvilon
Gozag
Hepliaklqana
Nemelex Xobeh
Yredelemnul


Innate Abilities, Weirdness & Mutations

Your life essence is reduced to manifest your ancestor. (-10% HP)
You are immune to poison.
Your flesh is very heat resistant. (rF++)
You are vulnerable to cold. (rC-)
You float through the air rather than walking.
You learn spells naturally, not from books.
Your magical power is your life essence.
You have superior vitality. (+4 HP)


Message History

You block the killer bee's attack.
Manelesi hits the wight with a +0 dagger of draining!
You block the killer bee's attack.
There is a stone staircase leading up here.
You block the killer bee's attack. x2
The killer bee stings you but does no damage.
The killer bee barely misses you.
You fly upwards.
There is a stone staircase leading down here.
Manelesi is recalled.
You block the killer bee's attack. x2; The killer bee stings you.
* * * LOW HITPOINT WARNING * * *
The killer bee completely misses you.
Welcome back, Banquo the Djinni Gladiator.
Hepliaklqana says: Your past becomes your present!
Press ? for a list of commands and other information.
Unknown command.
Unknown command.
Unknown command.
You completely miss the killer bee.
The killer bee is severely wounded.
Your shield and leather armour prevent you from hitting the killer bee.
The killer bee stings you.
* * * LOW HITPOINT WARNING * * *
You block the killer bee's attack. x2; Manelesi misses the killer bee.
The killer bee stings you.
* * * LOW HITPOINT WARNING * * *
The killer bee barely misses you.
Manelesi closely misses the killer bee.
You hit the killer bee.
The killer bee is almost dead.
You closely miss the killer bee. You block the killer bee's attack.
The killer bee stings you but does no damage.
The killer bee completely misses you. You block the killer bee's attack.
Manelesi casts a spell at the killer bee.
The killer bee resists with significant effort.
The killer bee closely misses you.
Your shield prevents you from hitting the killer bee.
The killer bee is almost dead.
You closely miss the killer bee. The killer bee stings you.
You die...

#.'.....#
##################'#.....###
#........................##.
#.##########.....[......###.
####...#...................# #.
#..........###.............# #.
#..........###.........##### #.
#..........'.#.y.......### ##
#..........#.#@y........[######
#..........#'#R.........[......
###..............#####.#..[).####
..'....................#...[.#
###.............########.....# ##
#.............# ####..# #<
######'#........# ##.###.
.....#.#........#### #..##.
####.#.###...#.....# ##'###


You could see the friendly Manelesi the hexer and 2 killer bees.

Vanquished Creatures
  A wyvern (D:5)
  An acid dragon (D:9)
  An orc warrior (D:8)
  A sky beast (D:8)
  A black bear (D:6)
  An ice beast (D:8)
  An ogre (D:4)
  A necrophage (D:6)
  2 centaurs (D:9)
  A lemure (D:6)
  A phantom (D:5)
  A bullfrog (D:8)
  A scorpion (D:5)
  A water moccasin skeleton (D:4)
  A killer bee (D:9)
  2 wights (D:6)
  2 howler monkeys (D:9)
  A bullfrog zombie (D:5)
  A centaur zombie (D:6)
  A jelly (D:5)
  An orc priest (D:5)
  A centaur skeleton (D:7)
  2 hounds (D:5)
  An iron imp (D:3)
  A bullfrog skeleton (D:6)
  Jessica (D:2)
  2 gnoll shamans
  An orc wizard (D:5)
  An iguana (D:5)
  A killer bee zombie (D:6)
  A hound zombie (D:5)
  Robin (D:3)
  2 gnolls
  A howler monkey skeleton (D:5)
  2 adders
  A white imp (D:8)
  An ufetubus (D:6)
  A worm (D:2)
  2 dart slugs
  11 orcs
  4 ball pythons
  6 endoplasms
  A giant cockroach (D:1)
  11 goblins
  7 hobgoblins
  9 jackals
  2 quokkas
  2 bats
  4 frilled lizards
  13 kobolds
  4 rats
121 creatures vanquished.

Vanquished Creatures (collateral kills)
  Pikel (D:6)
  Grinder (D:6)
  A troll (D:5)
  Sigmund (D:2)
  3 yaks (D:8)
  A steam dragon (D:9)
  A water moccasin (D:6)
  4 ogres
  A necrophage (D:3)
  A centaur (D:5)
  2 phantoms
  2 lemures (D:6)
  A bullfrog (D:8)
  A scorpion (D:6)
  A wyvern zombie (D:7)
  A killer bee (D:9)
  A wight (D:6)
  A howler monkey (D:9)
  2 jellies
  A bullfrog zombie (D:6)
  2 hounds
  A bullfrog skeleton (D:5)
  5 orc wizards
  3 iguanas
  A hound skeleton (D:5)
  A howler monkey zombie (D:8)
  5 gnolls
  3 adders
  An adder skeleton (D:4)
  A worm (D:2)
  9 orcs
  A bat (D:2)
  An endoplasm (D:3)
  A giant cockroach (D:2)
  4 goblins
  4 hobgoblins
  A jackal (D:2)
  2 kobolds (D:3)
  A ball python (D:2)
  A jackal skeleton (D:4)
76 creatures vanquished.

Vanquished Creatures (others)
  2 hexers
  40 plants (D:5)
42 creatures vanquished.

Grand Total: 239 creatures vanquished

Notes
Turn   | Place    | Note
-------+----------+-------------------------------------------
     0 | D:1      | Banquo the Djinni Gladiator began the quest for the Orb.
     0 | D:1      | Reached XP level 1. HP: 18/18 MP: 0/0
   436 | D:1      | Reached XP level 2. HP: 16/23 MP: 0/0
  1062 | D:1      | Found a faded altar of an unknown god.
  1065 | D:1      | Reached XP level 3. HP: 29/29 MP: 0/0
  1065 | D:1      | Learned a level 1 spell: Freeze
  1117 | D:1      | Reached skill level 3 in Axes
  1128 | D:1      | Became a worshipper of Hepliaklqana the Forgotten
  1128 | D:1      | Reached * piety under Hepliaklqana
  1542 | D:2      | Noticed Sigmund
  1548 | D:2      | Killed Sigmund
  1549 | D:2      | Reached skill level 4 in Axes
  1549 | D:2      | Reached skill level 1 in Armour
  1549 | D:2      | Reached XP level 4. HP: 27/31 MP: 0/0
  1549 | D:2      | Reached XP level 5. HP: 31/36 MP: 0/0
  1549 | D:2      | Learned a level 2 spell: Poisonous Vapours
  1752 | D:2      | Reached skill level 1 in Spellcasting
  2093 | D:2      | Noticed Jessica
  2098 | D:2      | Killed Jessica
  2099 | D:2      | Reached XP level 6. HP: 33/41 MP: 0/0
  2572 | D:3      | Noticed Robin
  2622 | D:3      | Killed Robin
  2933 | D:3      | Noticed a necrophage
  2946 | D:3      | Killed a necrophage
  2947 | D:3      | Reached skill level 5 in Axes
  3049 | D:3      | Found a snail-covered altar of Cheibriados.
  3297 | D:4      | Reached XP level 7. HP: 7/45 MP: 0/0
  3297 | D:4      | Learned a level 3 spell: Conjure Flame
  3592 | D:4      | Reached ** piety under Hepliaklqana
  3593 | D:4      | Remembered your ancestor Manelesi as a hexer
  3870 | D:4      | Reached skill level 6 in Axes
  4176 | D:5      | Entered Level 5 of the Dungeon
  4192 | D:5      | Reached XP level 8. HP: 36/52 MP: 0/0
  4352 | D:5      | Reached skill level 1 in Shields
  4494 | D:5      | Reached skill level 7 in Axes
  5212 | D:5      | Noticed a wyvern
  5216 | D:5      | Killed a wyvern
  5270 | D:5      | Noticed a troll
  5566 | D:5      | Killed a troll
  5567 | D:5      | Reached XP level 9. HP: 39/55 MP: 0/0
  5567 | D:5      | Learned a level 3 spell: Call Canine Familiar
  5747 | D:6      | Reached *** piety under Hepliaklqana
  5942 | D:6      | Reached skill level 8 in Axes
  6314 | D:6      | Noticed Grinder
  6318 | D:6      | Paralysed by Grinder for 6 turns
  6335 | D:6      | Killed Grinder
  6336 | D:6      | Reached skill level 1 in Invocations
  6492 | D:6      | Noticed Pikel
  6970 | D:6      | Killed Pikel
  7187 | D:6      | Reached XP level 10. HP: 62/62 MP: 0/0
  7279 | D:7      | Found a shadowy altar of Dithmenos.
  7582 | D:7      | Found a staircase to the Ecumenical Temple.
  8216 | D:8      | Reached skill level 9 in Axes
  8845 | D:8      | Found an opulent altar of Gozag.
  8845 | D:8      | Found a sparkling altar of Nemelex Xobeh.
  9313 | D:8      | Identified the Collected Works on Envenoming
  9330 | D:8      | Reached **** piety under Hepliaklqana
  9607 | D:9      | Found a basalt altar of Yredelemnul.
  9667 | D:9      | Found a white marble altar of Elyvilon.
  9715 | D:9      | Reached skill level 5 in Shields
  9941 | D:8      | HP: 2/62 [killer bee (3)]
  9943 | D:8      | Slain by a killer bee

Illustrated notes

Levels and vault maps discovered:
D:1:      lemuel_arrival_hallway, layout_basic,
          hellmonk_ecumenical_altar_arch_garden, minmay_surrounded
D:2:      layout_rooms, minmay_goblin_kobold_house, uniq_sigmund, uniq_jessica
D:3:      layout_rooms, slow_altar_1, uniq_robin
D:4:      layout_rooms, hangedman_decor_peaks_small
D:5:      layout_rooms, serial_bayou, serial_bayou_pond_e, serial_bayou_shore_b,
          serial_bayou_lagoon_a, serial_bayou_pond_c, nzn_random_ring
D:6:      layout_gridville, uniq_grinder, uniq_pikel
D:7:      layout_loops_ring, nicolae_dithmenos_through_a_glass_darkly,
          minmay_temple_entry_glass, kennysheep_boxes
D:8:      layout_basic, grunt_temple_overflow_opulence
D:9:      layout_rooms, kennysheep_ying_yang, lemuel_zombie_altar_kikubaaqudgha,
          nicolae_overflow_crystal_walls, minitemple,
          minmay_guarded_unrand_finisher

Skill      XL: |  1  2  3  4  5  6  7  8  9 10 |
---------------+-------------------------------+-----
Axes           | 4 5 6 7 8 9 |  9.4
Fighting       | 3 4 |  4.9
Armour         | 1 3 4 |  4.9
Spellcasting   | 1 2 3 |  3.9
Shields        | 2 4 5 |  5.1
Dodging        | 4 |  4.8
Invocations    | 1 2 |  2.6
Throwing       | |  1.5

Action                   |  1- 3 |  4- 6 |  7- 9 | 10-12 || total
-------------------------+-------+-------+-------+-------++-------
Melee: War axe           |    90 |   117 |   228 |   120 ||   555
Throw: Throwing net      |     3 |       |       |       ||     3
 Cast: Poisonous Vapours |       |     1 |     2 |       ||     3
Invok: Ancestor Life: He |       |       |     1 |       ||     1
       Recall Ancestor   |       |       |     1 |     1 ||     2
       Transference      |       |       |     1 |     1 ||     2
 Stab: Confused          |       |       |     5 |     5 ||    10
       Distracted        |       |       |     7 |     3 ||    10
Armor: Leather armour    |    35 |    34 |    10 |    38 ||   117
       Chain mail        |       |       |   112 |     5 ||   117
Dodge: Dodged            |    70 |    79 |    47 |    82 ||   278
Block: Kite shield       |       |       |   105 |   100 ||   205

Table legend: (Time is in decaauts)
 A = Elapsed time spent in this place.
 B = Non-inter-level travel time spent in this place.
 C = Inter-level travel time spent in this place.
 D = Time resting spent in this place.
 E = Time spent auto-exploring this place.
 F = Levels seen in this place.
 G = Mean time per level.
                   A        B        C        D        E       F      G
               +--------+--------+--------+--------+--------+-----+--------+
         Total |  10142 |   9288 |    854 |   1677 |   5475 |   9 | 1126.9 |
       Dungeon |  10142 |   9288 |    854 |   1677 |   5475 |   9 | 1126.9 |
               +--------+--------+--------+--------+--------+-----+--------+

Top non-repeatable levels by time:
     D:5: 1529 daAuts
     D:1: 1469 daAuts
     D:6: 1435 daAuts
     D:4: 1166 daAuts
     D:8: 1115 daAuts
     D:7: 1025 daAuts
     D:3: 984 daAuts
     D:2: 979 daAuts
     D:9: 435 daAuts
